 Dungeon Crawl Stone Soup version 0.32-a0-422-g28b100f618 (webtiles) character file.

Game seed: 2000704488018553009

5792 cforsyth the Carver (level 10, -3/83 HPs)
             Began as a Coglin Gladiator on Feb 22, 2024.
             Was an Initiate of Wu Jian.
             Slain by a two-headed ogre
             ... wielding a +0 dire flail
              (14 damage)
             ... on level 8 of the Dungeon.
             The game lasted 00:15:40 (9110 turns).

cforsyth the Carver (Coglin Gladiator)              Turns: 9110, Time: 00:15:42

Health: -3/83      AC: 13    Str: 15    XL:     10   Next: 79%
Magic:  10/10      EV:  8    Int:  8    God:    Wu Jian [......]
Gold:   604        SH:  0    Dex: 19    Spells: 9/9 levels left

rFire   . . .        a - +1 long sword {Kun}
rCold   . . .        x - +4 falchion {Bangon}
rNeg    . . .        k - +0 chain mail
rPois   .            (helmet restricted)
rElec   .            l - +0 cloak
rCorr   .            (no gloves)
SInv    .            t - +0 pair of boots
Will    .....        (no amulet) Stlth
                     (no ring)
HPRegen 0.33/turn    (no ring)
MPRegen 0.12/turn

%: no passive effects
@: immotile, revved
A: off-hand wielding, slow wielding, warmup strikes, legs shutdown, horns 1
a: Renounce Religion


You were on level 8 of the Dungeon.
You worshipped Wu Jian.
Wu Jian was noncommittal.
You visited 2 branches of the dungeon, and saw 9 of its levels.

You collected 604 gold pieces.


Innate Abilities, Weirdness & Mutations

You can wield a second weapon in your off-hand.
It takes a long time for you to wield or remove held weapons.
Your first few attacks do less damage.
Attacking and casting redirects power from your legs.
You have a pair of small horns on your head.


   Skills:
 + Level 9.5 Fighting
 + Level 9.7 Long Blades
 - Level 1.7 Throwing
 + Level 8.3 Armour
 - Level 2.6 Dodging


You had 9 spell levels left.
You didn't know any spells.
Your spell library contained the following spells:

 Spells                   Type           Power      Damage    Failure   Level
 Apportation              Tloc           0%         N/A       99%         1
 Necrotise                Necr           0%         1d4       99%         1
 Sting                    Conj/Alch      0%         1d3       99%         1
 Summon Small Mammal      Summ           0%         N/A       99%         1

Inventory:

Hand Weapons
 a - a +1 long sword (weapon) {Kun}
 x - a +4 falchion (offhand) {Bangon}
Missiles
 d - 3 throwing nets (quivered) {=f}
 e - 7 javelins
Armour
 c - a +0 helmet
 k - a +0 chain mail (worn)
 l - a +0 cloak (worn)
 t - a +0 pair of boots (worn)
Jewellery
 C - a ring of ice
Wands
 m - a wand of polymorph (8)
 u - a wand of digging (8)
 w - a wand of flame (14)
Scrolls
 b - a scroll of fear
 f - 3 scrolls of vulnerability
 i - a scroll of silence {unknown}
 j - 6 scrolls of identify {unknown}
 n - a scroll of blinking {unknown}
 p - a scroll of immolation {unknown}
 q - a scroll of amnesia
 r - a scroll of noise {unknown}
 v - a scroll of fog {unknown}
 y - a scroll of teleportation {unknown}
Potions
 g - 2 potions of heal wounds {@q2}
 h - 5 potions of curing {@q1}
 o - a potion of enlightenment {unknown}
 s - a potion of resistance {unknown}

Dungeon Overview and Level Annotations

Branches:
Dungeon (8/15)             Temple (1/1) D:7
   Lair: D:8-11

Altars:
Ashenzari
Dithmenos
Fedhas
Gozag
Hepliaklqana
Kikubaaqudgha
Makhleb
Nemelex Xobeh
Okawaru
Qazlal
Ru
Sif Muna
Trog
Wu Jian
Xom
Yredelemnul
Zin
The Shining One

Shops:
D:5 [::(   D:8 *

Annotations:
D:5 1 runed translucent door, zenocrate's ghost, weakling DsDe
D:7 2 transporters

#..........
#...#####..#
...# #.## ..#
##i# ## ###..##
###..O..#
###)..###.#
#########....##
##.
#.@O.........#
##
#######......# #
##.....# #
#.....#
###.....#
##.^.#...######
#...............
.#..#.°°#..####.
..........## ##


You could see a two-headed ogre.


Message History

The two-headed ogre hits you with a +0 dire flail!
* * * LOW HITPOINT WARNING * * *
You slash the two-headed ogre with your +1 long sword!
The two-headed ogre is severely wounded.
You hit the two-headed ogre with your +4 falchion.
You barely miss the two-headed ogre with your +4 falchion.
The two-headed ogre is severely wounded.
You slash the two-headed ogre with your +1 long sword!
The two-headed ogre completely misses you.
The two-headed ogre hits you but does no damage.
You slash the two-headed ogre with your +1 long sword!
You kill the two-headed ogre!
The Council accepts your kill.
You hit the two-headed ogre with your +1 long sword.
The two-headed ogre is lightly wounded.
You slash the two-headed ogre with your +4 falchion!
The two-headed ogre hits you but does no damage.
The two-headed ogre hits you with a +0 giant club!
* * * LOW HITPOINT WARNING * * *
You slash the two-headed ogre with your +1 long sword!
You headbutt the two-headed ogre.
The two-headed ogre is heavily wounded.
You hit the two-headed ogre with your +4 falchion.
You hit the two-headed ogre with your +1 long sword.
The two-headed ogre is severely wounded.
You barely miss the two-headed ogre with your +4 falchion.
The two-headed ogre hits you with a +0 dire flail!
* * * LOW HITPOINT WARNING * * *
The two-headed ogre hits you with a +0 giant club!
You die...

Skill      XL: |  1  2  3  4  5  6  7  8  9 10 |
---------------+-------------------------------+-----
Armour         | 1 2 3 4 5 7 8 |  8.3
Fighting       | 3 4 5 6 8 9 |  9.5
Long Blades    | 4 5 7 8 9 |  9.7
Throwing       | |  1.7
Dodging        | |  2.6

Action                     |  1- 3 |  4- 6 |  7- 9 | 10-12 || total
---------------------------+-------+-------+-------+-------++-------
  Melee: Long sword        |    52 |   125 |   342 |   103 ||   622
         Dagger            |     5 |   112 |     3 |       ||   120
         Headbutt          |       |     9 |    56 |    20 ||    85
         Unarmed           |       |       |     5 |       ||     5
         Falchion          |       |       |       |    71 ||    71
Ability: Lunge             |       |       |       |     1 ||     1
    Use: Potion            |       |     3 |     4 |       ||     7
         Scroll            |       |       |     4 |       ||     4
   Stab: Sleeping          |     1 |       |       |       ||     1
 Armour: Leather armour    |    16 |       |       |       ||    16
         Chain mail        |     4 |   142 |   264 |    70 ||   480
         Skin              |       |       |     2 |       ||     2
  Dodge: Dodged            |    33 |    74 |   124 |    33 ||   264

Levels and vault maps discovered:
D:1:      saegor_arrival_simple_e, layout_loops_ring, roderic_serpentine_path,
          chequers_serial_rivers_large_a, roderic_roman_lattice
D:2:      layout_loops_ring
D:3:      layout_loops_ring, grunt_temple_overflow_holy_war,
          lemuel_doored_altar, hangedman_feature_mirror, serial_bayou_lagoon_a,
          uniq_jessica
D:4:      layout_rooms, nicolae_overflow_two_pavilions
D:5:      layout_cave_pools, kennysheep_mini_moat, serial_shops, shop, shop,
          nicolae_shop_pleasant_corner_grove, shop_coins,
          hellmonk_ghost_happy_afterlife, uniq_edmund
D:6:      layout_cave_pools, overflow_temple_1_default, minmay_nine_imps
D:7:      gammafunk_steamed_eel, layout_rooms, nzn_wu_jian_council_hall,
          mainiacjoe_overflow_concentric_impassable, minmay_temple_entry_trees,
          uniq_maggie, uniq_jeremiah
D:8:      layout_layer_cave, cheibriados_altar_1, vehumet_crystals,
          nicolae_blasting_shop, hellmonk_guarded_unrand_gyre_and_gimble,
          uniq_maurice, uniq_amaemon
Temple:   dpeg_three_leaves_temple

Notes
Turn   | Place    | Note
-------+----------+-------------------------------------------
     0 | D:1      | cforsyth the Coglin Gladiator began the quest for the Orb.
     0 | D:1      | Reached XP level 1. HP: 16/16 MP: 1/1
   363 | D:1      | Reached XP level 2. HP: 22/22 MP: 2/2
   940 | D:2      | Reached skill level 1 in Armour
   940 | D:2      | Reached XP level 3. HP: 28/28 MP: 3/3
  1570 | D:3      | Killed Jessica
  1578 | D:3      | Reached XP level 4. HP: 34/34 MP: 4/4
  1615 | D:3      | Found a bloodstained altar of Trog.
  1695 | D:3      | Reached skill level 3 in Fighting
  2013 | D:3      | Found a basalt altar of Yredelemnul.
  2046 | D:3      | Found a glowing golden altar of the Shining One.
  2048 | D:3      | Noticed an angel
  2054 | D:3      | Noticed a profane servitor
  2080 | D:3      | Reached skill level 2 in Armour
  2157 | D:3      | HP: 3/35 [gnoll bouda/+0 club (2)]
  2166 | D:2      | Reached skill level 4 in Long Blades
  2166 | D:2      | Reached XP level 5. HP: 22/41 MP: 5/5
  2665 | D:3      | Gained mutation: You have a pair of small horns on your
                  | head. [potion of mutation]
  2665 | D:3      | HP: 3/41 [hobgoblin (2)]
  2827 | D:3      | Reached XP level 6. HP: 43/48 MP: 6/6
  2832 | D:3      | Reached skill level 4 in Fighting
  3023 | D:4      | Reached skill level 3 in Armour
  3175 | D:4      | Noticed a black bear
  3244 | D:4      | Killed a black bear
  3245 | D:4      | Reached skill level 5 in Long Blades
  3245 | D:4      | Reached XP level 7. HP: 45/55 MP: 7/7
  3478 | D:4      | Found a shimmering blue altar of Sif Muna.
  3478 | D:4      | Found a stormy altar of Qazlal.
  4008 | D:4      | Found a shimmering blue altar of Sif Muna.
  4008 | D:4      | Found a stormy altar of Qazlal.
  4047 | D:5      | Entered Level 5 of the Dungeon
  4106 | D:5      | Noticed a yak
  4106 | D:5      | Noticed a yak
  4110 | D:5      | Noticed Edmund
  4112 | D:5      | HP: 3/55 [iguana (5)]
  4387 | D:4      | Reached skill level 5 in Fighting
  4399 | D:5      | Noticed a wyvern
  4550 | D:3      | Reached skill level 4 in Armour
  4814 | D:4      | Killed a wyvern
  4815 | D:4      | Reached XP level 8. HP: 41/63 MP: 8/8
  4816 | D:4      | Reached skill level 6 in Long Blades
  4957 | D:5      | Noticed a yak
  4960 | D:5      | Noticed a yak
  5125 | D:4      | Killed Edmund
  5373 | D:5      | Noticed a yak
  5374 | D:5      | Noticed a yak
  5383 | D:4      | Killed a yak
  5384 | D:4      | Reached skill level 6 in Fighting
  5384 | D:4      | Reached skill level 5 in Armour
  5478 | D:4      | Killed a yak
  5547 | D:4      | Killed a yak
  5752 | D:4      | Killed a yak
  5753 | D:4      | Reached skill level 7 in Long Blades
  5753 | D:4      | Reached XP level 9. HP: 48/71 MP: 9/9
  5831 | D:5      | Reached skill level 7 in Fighting
  5837 | D:5      | Reached skill level 6 in Armour
  6066 | D:5      | Found Jyruk's Antique Weapon Shop.
  6072 | D:5      | Found a sparkling altar of Nemelex Xobeh.
  6090 | D:5      | Found a runed translucent door.
  6094 | D:5      | Noticed zenocrate's ghost (weakling DsDe)
  6145 | D:5      | Found Osiuric's Armour Emporium.
  6201 | D:5      | Found Semeni's Book Shoppe.
  6203 | D:5      | Found Xibbiare's Book Shop.
  6700 | D:6      | Found a blossoming altar of Fedhas.
  6799 | D:6      | Reached skill level 8 in Long Blades
  6978 | D:7      | Noticed Maggie
  7310 | D:7      | Killed Maggie
  7311 | D:7      | Reached skill level 8 in Fighting
  7311 | D:7      | Reached skill level 7 in Armour
  7416 | D:7      | Found a transporter.
  7429 | D:7      | Found a transporter.
  7805 | D:7      | Reached XP level 10. HP: 70/81 MP: 10/10
  7901 | D:7      | Found a glowing silver altar of Zin.
  8176 | D:7      | Found a staircase to the Ecumenical Temple.
  8180 | Temple   | Entered the Ecumenical Temple
  8555 | D:7      | Noticed Jeremiah
  8623 | D:7      | Killed Jeremiah
  8624 | D:7      | Reached skill level 9 in Long Blades
  8736 | D:7      | Found an ornate altar of the Wu Jian Council.
  8853 | D:7      | Became a worshipper of the Wu Jian Council
  8871 | D:8      | Found Wiekec's Demolitions Depot.
  8970 | D:8      | Reached skill level 9 in Fighting
  9006 | D:8      | Noticed an orange demon
  9034 | D:7      | Killed an orange demon
  9035 | D:7      | Reached skill level 8 in Armour
  9067 | D:8      | Noticed a two-headed ogre
  9067 | D:8      | Noticed a two-headed ogre
  9107 | D:8      | Killed a two-headed ogre
  9110 | D:8      | Slain by a two-headed ogre

Vanquished Creatures
  A two-headed ogre (D:8)
  Maggie (D:7)
  Jeremiah (D:7)
  An orange demon (D:7)
  A wyvern (D:4)
  A spriggan (D:8)
  10 yaks
  Edmund (D:4)
  An acid dragon (D:7)
  3 orc warriors
  A black bear (D:4)
  An ice beast (D:7)
  A sky beast (D:7)
  An ogre (D:4)
  A centaur (D:6)
  3 bullfrogs
  A scorpion (D:3)
  4 wights (D:7)
  2 howler monkeys
  6 crimson imps (D:6)
  3 bombardier beetles
  A gnoll bouda (D:2)
  2 hounds
  2 orc priests
  A jelly (D:6)
  2 iguanas (D:4)
  2 sleepcaps
  9 orc wizards
  7 gnolls
  9 adders
  4 white imps
  2 ribbon worms (D:3)
  3 dart slugs
  31 orcs
  2 ball pythons (D:2)
  5 endoplasms
  2 giant cockroaches
  7 hobgoblins
  2 jackals (D:2)
  4 kobolds
  A quokka (D:3)
  3 bats
  A frilled lizard (D:2)
  7 goblins
  3 rats
157 creatures vanquished.

Vanquished Creatures (others)
  Jessica (D:3)
1 creature vanquished.

Grand Total: 158 creatures vanquished

Table legend: (Time is in decaauts)
 A = Elapsed time spent in this place.
 B = Non-inter-level travel time spent in this place.
 C = Inter-level travel time spent in this place.
 D = Time resting spent in this place.
 E = Time spent auto-exploring this place.
 F = Levels seen in this place.
 G = Mean time per level.
                   A        B        C        D        E       F      G
               +--------+--------+--------+--------+--------+-----+--------+
         Total |   9160 |   8883 |    277 |   2296 |   4803 |   9 | 1017.8 |
       Dungeon |   9158 |   8881 |    277 |   2296 |   4803 |   8 | 1144.8 |
        Temple |      1 |      1 |      0 |      0 |      0 |   1 |    1.0 |
               +--------+--------+--------+--------+--------+-----+--------+

Top non-repeatable levels by time:
     D:4: 2423 daAuts
     D:3: 1497 daAuts
     D:6: 1238 daAuts
     D:7: 1198 daAuts
     D:1: 890 daAuts
     D:2: 889 daAuts
     D:5: 787 daAuts
     D:8: 233 daAuts
  Temple: 1 daAuts

Table legend:
 A = Non-vault XP
 B = Vault XP
 C = Vault XP percentage of total XP
 D = Non-vault monster count
 E = Vault monster count
 F = Vault count percentage of total count
                 A         B        C        D         E       F
            +---------+---------+-------+---------+---------+-------
      Total |    5485 |    2790 |  33.7 |     136 |      22 |  13.9
            +---------+---------+-------+---------+---------+-------
        D:1 |      19 |       0 |   0.0 |       7 |       0 |   0.0
        D:2 |      59 |      43 |  42.2 |      14 |       1 |   6.7
        D:3 |     268 |      31 |  10.4 |      15 |       6 |  28.6
        D:4 |    1760 |     170 |   8.8 |      39 |       1 |   2.5
        D:5 |     568 |       0 |   0.0 |      15 |       0 |   0.0
        D:6 |     683 |     329 |  32.5 |      19 |       9 |  32.1
        D:7 |    1319 |    1176 |  47.1 |      22 |       3 |  12.0
        D:8 |     809 |    1041 |  56.3 |       5 |       2 |  28.6
            +---------+---------+-------+---------+---------+-------
